 Dungeon Crawl Stone Soup version 0.27-a0-346-ga689d4a613 (webtiles) character file.

Game seed: 541091383700801253

18 skwiii the Skirmisher (level 2, -1/24 HPs)
             Began as a Demonspawn Abyssal Knight on Feb 16, 2021.
             Was a Believer of Lugonu.
             Slain by an adder (3 damage)
             ... on level 1 of the Dungeon.
             The game lasted 00:03:12 (1148 turns).

skwiii the Skirmisher (Demonspawn Abyssal Knight)   Turns: 1148, Time: 00:03:13

Health: -1/24      AC:  1    Str: 12    XL:     2   Next: 51%
Magic:  2/3        EV: 11    Int: 13    God:    Lugonu [**....]
Gold:   26         SH:  0    Dex: 12    Spells: 1/1 levels left

rFire    . . .     SeeInvis .   a - +1 spear
rCold    . . .     Faith    .   (no shield)
rNeg     . . .     Spirit   .   b - +0 leather armour
rPois    .         Reflect  .   (no helmet)
rElec    .         Harm     .   (no cloak)
rCorr    .         Rampage  .   (no gloves)
Will     .....                  (no boots)
Stlth    +.........             (no amulet)
HPRegen  0.08/turn              (no ring)
MPRegen  0.08/turn              (no ring)

@: lethally poisoned (-1 -> -6)
A: deformed body, mutation resistance 1, powered by pain 1
a: Renounce Religion, Depart the Abyss, Bend Space


You were on level 1 of the Dungeon.
You worshipped Lugonu.
Lugonu was pleased with you.
You visited 1 branch of the dungeon, and saw 2 of its levels.
You visited the Abyss 1 time.

You collected 26 gold pieces.

Inventory:

Hand Weapons
 a - a +1 spear (weapon)
Armour
 b - a +0 leather armour (worn)
Scrolls
 c - a scroll of amnesia {unknown}
 d - 3 scrolls of identify {unknown}
 f - 2 scrolls of teleportation {unknown}
Potions
 e - a potion of mutation
 g - 2 potions of heal wounds {unknown}
 h - a potion of curing {unknown}
 i - a potion of attraction {unknown}
 j - a potion of ambrosia {unknown}


   Skills:
 * Level 3.3 Fighting
 * Level 2.1 Polearms
 + Level 1.9 Armour
 + Level 1.2 Dodging
 + Level 2.6 Invocations


You had one spell level left.
You didn't know any spells.
Your spell library was empty.

Dungeon Overview and Level Annotations

Branches:
Dungeon (2/15)

Altars:
Ashenzari


Innate Abilities, Weirdness & Mutations

You sometimes gain a little power by taking damage.
Armour fits poorly on your strangely shaped body.
You are somewhat resistant to further mutation.


Message History

The hobgoblin hits you but does no damage.
The hobgoblin closely misses you. The adder completely misses you.
The hobgoblin hits you with a +0 club. The adder closely misses you.
The hobgoblin hits you but does no damage.
Space bends around you!
You blink.
The hobgoblin barely misses you. The adder bites you but does no damage.
The adder barely misses you. The hobgoblin hits you with a +0 club.
A dart slug comes into view.
The hobgoblin hits you.
There is a stone staircase leading up here.
You can't go down here!
The adder closely misses you. The hobgoblin hits you with a +0 club.
The dart slug launches a dart at you. The slug dart misses you.
The slug dart hits the hobgoblin.
The hobgoblin closely misses you. The adder bites you but does no damage.
You climb upwards.
There is a stone staircase leading down here.
You closely miss the hobgoblin.
The hobgoblin is severely wounded.
The hobgoblin hits you but does no damage.
The adder bites you but does no damage.
The hobgoblin hits you but does no damage.
You hit the hobgoblin.
You kill the hobgoblin!
Lugonu accepts your kill. The adder bites you.
* * * LOW HITPOINT WARNING * * *
You are lethally poisoned!
The adder poisons you! The hobgoblin hits you.
* * * LOW HITPOINT WARNING * * *
* * * LOW HITPOINT WARNING * * *
You feel sick.
The hobgoblin hits you but does no damage.
The adder completely misses you.
* * * LOW HITPOINT WARNING * * *
You feel sick.
It was a potion of mutation.
You feel extremely strange.
Your body twists and deforms.
You feel genetically stable. The adder closely misses you. The adder bites you.
You die...

...##......# #....(## ##..
...##......# #.###..#####...
...##......# #.# #..........
.####......########.# #.######...
.................##)# #.# #..⌠.
.......####.####.##.# #.# ##....
.......####.# #.##.# #.# ##..⌠.⌠
..........#.# #.##.# #.###......
.#.######.#.# #@##.# #.##...⌠.⌠.
.#.#........# #S##.# #.#........
.#.#.#..#.######g##.###.##..#####
...........(...)>.....#..........
.#.#......#.#..#.##.#.#.#########
.#........#......##.#...#
.###......###.##.##.#####
.[......................#
####.....#####.##.#...#.#


You could see an adder and a hobgoblin.

Vanquished Creatures
  A giant cockroach (D:1)
  2 goblins
  3 hobgoblins
  A quokka (D:2)
  3 bats
  4 kobolds (D:1)
  4 rats
18 creatures vanquished.

Notes
Turn   | Place    | Note
-------+----------+-------------------------------------------
     0 | Abyss:1  | skwiii the Demonspawn Abyssal Knight began the quest for
                  | the Orb.
     0 | Abyss:1  | Reached XP level 1. HP: 18/18 MP: 2/2
    20 | Abyss:1  | Found a shimmering blue altar of Sif Muna.
    45 | Abyss:1  | Noticed a six-headed hydra zombie
    55 | D:1      | Escaped the Abyss
   219 | D:1      | Reached skill level 1 in Dodging
   565 | D:1      | Gained mutation: You sometimes gain a little power by
                  | taking damage. [demonic ancestry]
   565 | D:1      | Reached XP level 2. HP: 24/24 MP: 3/3
   901 | D:2      | Reached ** piety under Lugonu
  1128 | D:2      | Found a broken altar of Ashenzari.
  1148 | D:1      | Gained mutation: Armour fits poorly on your strangely
                  | shaped body. [potion of mutation]
  1148 | D:1      | Gained mutation: You are somewhat resistant to further
                  | mutation. [potion of mutation]
  1148 | D:1      | Slain by an adder

Illustrated notes

Levels and vault maps discovered:
D:1:      eino_arrival_cavern_a, layout_basic, supply_closet_lemuel
D:2:      layout_rooms, grunt_temple_overflow_order_and_chaos_2,
          marbit_many_paths, general_overflow_altar, old_standard_altar,
          nemelex_altar_shiori, minmay_misc_feat_diagonals,
          kennysheep_generic_room_6

Skill      XL: |  1 |
---------------+----+-----
Dodging        | 1 |  1.2
Polearms       | 2 |  2.1
Fighting       | |  3.3
Armour         | |  1.9
Invocations    | |  2.6

Action                   || total
-------------------------++-------
Melee: Spear             ||    54
Invok: Bend Space        ||     2
  Use: Potion            ||     1
Armor: Leather armour    ||    22
Dodge: Dodged            ||    41

Table legend: (Time is in decaauts)
 A = Elapsed time spent in this place.
 B = Non-inter-level travel time spent in this place.
 C = Inter-level travel time spent in this place.
 D = Time resting spent in this place.
 E = Time spent auto-exploring this place.
 F = Levels seen in this place.
 G = Mean time per level.
                   A        B        C        D        E       F      G
               +--------+--------+--------+--------+--------+-----+--------+
         Total |   1147 |   1105 |     42 |    289 |    556 |   3 |  382.3 |
       Dungeon |   1092 |   1050 |     42 |    289 |    556 |   2 |  546.0 |
         Abyss |     55 |     55 |      0 |      0 |      0 |   1 |   55.0 |
               +--------+--------+--------+--------+--------+-----+--------+

Top non-repeatable levels by time:
     D:1: 832 daAuts
     D:2: 260 daAuts
 Abyss:1: 55 daAuts
